 Dungeon Crawl Stone Soup version 0.24-a0-184-gcb5ae2c (webtiles) character file.

Game seed: 16179982843249655589

1743 Dfrag the Firebug (level 8, 0/78 HPs)
             Began as a Demonspawn Fire Elementalist on Mar 16, 2019.
             Was a Follower of Vehumet.
             Slain by an orc priest
             ... wielding a cursed +0 short sword
              (1 damage)
             ... on level 6 of the Dungeon.
             The game lasted 00:08:29 (5015 turns).

Dfrag the Firebug (Demonspawn Fire Elementalist)    Turns: 5015, Time: 00:08:30

Health: 0/78       AC: 24    Str:  8    XL:     8   Next: 77%
Magic:  0/17       EV:  2    Int: 19    God:    Vehumet [*.....]
Gold:   256        SH:  0    Dex: 19    Spells: 3/19 levels left

rFire    . . .     SeeInvis .   w - +2 flail (crush)
rCold    + . .     Gourm    .   (no shield)
rNeg     + + +     Faith    .   (armour currently unavailable)
rPois    +         Spirit   +   (helmet currently unavailable)
rElec    .         Reflect  .   (cloak currently unavailable)
rCorr    .         Harm     .   (gloves currently unavailable)
MR       +....     NoTele   +   (boots currently unavailable)
Stlth    +++.......             (no amulet)
HPRegen  0.23/turn              s - ring of protection from cold
MPRegen  0.30/turn              t - ring of protection from magic

@: agile, tree-form
A: powered by pain 2, magic shield, magic regeneration
a: Renounce Religion


You were on level 6 of the Dungeon.
You worshipped Vehumet.
Vehumet was aware of your devotion.
You were not hungry.
You were a tree.
You visited 1 branch of the dungeon, and saw 6 of its levels.

You collected 256 gold pieces.

Inventory:

Hand Weapons
 w - a +2 flail of crushing (weapon)
Armour
 a - a +0 robe (melded)
 k - a +0 cloak (melded)
 r - a +1 helmet (melded)
Jewellery
 s - a ring of protection from cold (left branch)
 t - a ring of protection from magic (right branch)
 y - an uncursed ring of resist corrosion {unknown}
Wands
 i - a wand of flame (19)
 n - a wand of scattershot (3)
Scrolls
 d - 5 scrolls of remove curse
 f - a scroll of fog
 l - a scroll of teleportation {unknown}
 m - a scroll of amnesia {unknown}
 p - a scroll of fear {unknown}
 u - 2 scrolls of magic mapping {unknown}
 v - a scroll of blinking {unknown}
Potions
 b - 2 potions of might
 e - a potion of brilliance {unknown}
 g - 2 potions of lignification
 h - 2 potions of curing
 j - a potion of magic {unknown}
 o - a potion of resistance
 x - a potion of haste {unknown}
 z - a potion of degeneration {unknown}
Comestibles
 c - 9 rations
 q - 2 chunks of flesh


   Skills:
 - Level 1.7 Dodging
 - Level 1.7 Stealth
 + Level 6.2 Spellcasting
 + Level 6.5 Conjurations
 + Level 6.5 Fire Magic


You had 3 spell levels left.
You knew the following spells:

 Your Spells              Type           Power        Failure   Level  Hunger
a - Flame Tongue          Conj/Fire      ####.        1%          1    None
b - Conjure Flame         Conj/Fire      ####....     2%          3    ##.....
c - Sticky Flame          Conj/Fire      ####....     8%          4    ####...
d - Fireball              Conj/Fire      ####......   21%         5    #####..
e - Inner Flame           Hex/Fire       ###.....     9%          3    ##.....

Your spell library contained the following spells:

 Spells                   Type           Power        Failure   Level  Hunger
 Sandblast                Erth           #.....       11%         1    None
 Throw Flame              Conj/Fire      ####..       1%          2    None


Dungeon Overview and Level Annotations

Branches:
Dungeon (6/15)             Temple (0/1) D:4

Altars:
Gozag
Kikubaaqudgha
Makhleb
Nemelex Xobeh
Okawaru
Trog
Vehumet

Annotations:
D:5 1 runed translucent door


Innate Abilities, Weirdness & Mutations

((You have razor-sharp toenails.))
You sometimes gain power by taking damage.
When hurt, damage is shared between your health and your magic reserves.
You regenerate magic rapidly.


Message History

Unknown command.
Really quaff the potion of lignification?
You turn into a tree.
Your +0 cloak melds into your body.
Your +1 helmet melds into your body.
Your +0 robe melds into your body.
Your roots penetrate the ground.
The orc priest hits you but does no damage.
You completely miss the orc priest.
The orc priest hits you with a cursed +0 short sword.
* * * LOW HITPOINT WARNING * * *
You hit the orc priest but do no damage.
The orc priest hits you but does no damage. x2
Casting: Flame Tongue (safe; 1% risk of failure)
Confirm with . or Enter, or press ? or * to list all spells.
Aiming: Flame Tongue (safe; 1% risk of failure)
Press: ? - help, Shift-Dir - straight line, f - orc priest
Aim: an orc priest, wielding a +0 short sword and wearing a cursed +0 leather armour The flame tongue hits the orc priest.
The orc priest is heavily wounded.
The orc priest hits you with a cursed +0 short sword.
You die...

#.#<))....#
#.#########
###
.........
..#
..#######
#.# ..# #.#
### #.# #
#.# # #o# #
#♣# # #(# #
#(# # #.# #
#(# # #.# #
#.# # #.# #
#.#


You could see an orc priest.

Vanquished Creatures
  A hippogriff (D:6)
  A soldier ant (D:5)
  An orc warrior (D:6)
  A sky beast (D:5)
  An ogre (D:4)
  A centaur (D:6)
  4 bullfrogs (D:6)
  A scorpion (D:6)
  A killer bee (D:5)
  2 crimson imps
  A centaur zombie (D:6)
  A hound (D:4)
  A gnoll shaman (D:6)
  A bullfrog skeleton (D:5)
  An iguana (D:6)
  8 worker ants
  2 orc wizards
  A hound zombie (D:5)
  A hound skeleton (D:4)
  A worker ant zombie (D:6)
  8 gnolls
  A howler monkey skeleton (D:5)
  5 adders
  A shadow imp (D:5)
  2 oozes
  3 worms
  2 dart slugs (D:2)
  6 leopard geckos
  12 orcs
  A ball python (D:2)
  7 bats
  10 giant cockroaches
  9 goblins
  9 hobgoblins
  4 jackals (D:3)
  3 quokkas
  4 frilled lizards
  A jackal skeleton (D:6)
  9 kobolds
  10 rats
  2 butterflies (D:5)
141 creatures vanquished.

Notes
Turn   | Place    | Note
-------+----------+-------------------------------------------
     0 | D:1      | Dfrag the Demonspawn Fire Elementalist began the quest for
                  | the Orb.
     0 | D:1      | Reached XP level 1. HP: 13/13 MP: 3/3
   170 | D:1      | Gained mutation: When hurt, damage is shared between your
                  | health and your magic reserves. [demonic ancestry]
   170 | D:1      | Reached XP level 2. HP: 19/19 MP: 3/5
   711 | D:2      | Gained mutation: You sometimes gain a little power by
                  | taking damage. [demonic ancestry]
   711 | D:2      | Reached XP level 3. HP: 13/24 MP: 0/6
  1248 | D:2      | Reached XP level 4. HP: 15/30 MP: 0/8
  2147 | D:3      | Found a burning altar of Makhleb.
  2148 | D:3      | Found a radiant altar of Vehumet.
  2156 | D:3      | Became a worshipper of Vehumet
  2157 | D:3      | Gained mutation: You have sharp toenails. [demonic
                  | ancestry]
  2157 | D:3      | Reached XP level 5. HP: 28/35 MP: 9/9
  2330 | D:3      | Learned a level 3 spell: Conjure Flame
  2335 | D:3      | Learned a level 4 spell: Sticky Flame
  2355 | D:4      | Found an opulent altar of Gozag.
  2423 | D:4      | Found a sparkling altar of Nemelex Xobeh.
  2577 | D:4      | Found a burning altar of Makhleb.
  2664 | D:4      | Gained mutation: You sometimes gain power by taking damage.
                  | [demonic ancestry]
  2664 | D:4      | Reached XP level 6. HP: 26/41 MP: 0/11
  2908 | D:4      | Found a staircase to the Ecumenical Temple.
  3276 | D:5      | Entered Level 5 of the Dungeon
  3318 | D:5      | Noticed a sky beast
  3325 | D:5      | Killed a sky beast
  3435 | D:5      | Found a radiant altar of Vehumet.
  3483 | D:5      | Found a bloodstained altar of Trog.
  3491 | D:5      | Found an ancient bone altar of Kikubaaqudgha.
  3528 | D:5      | Gained mutation: You have razor-sharp toenails. [demonic
                  | ancestry]
  3528 | D:5      | Reached XP level 7. HP: 46/46 MP: 10/13
  3583 | D:5      | Found a runed translucent door.
  3584 | D:5      | Found a runed translucent door.
  3674 | D:5      | Found an iron altar of Okawaru.
  3750 | D:5      | Learned a level 3 spell: Inner Flame
  3805 | D:5      | Reached skill level 5 in Fire Magic
  3835 | D:5      | Reached * piety under Vehumet
  3835 | D:5      | Offered knowledge of Sandblast by Vehumet.
  3872 | D:5      | Reached skill level 5 in Spellcasting
  3872 | D:5      | Reached skill level 5 in Conjurations
  4072 | D:6      | Gained mutation: You regenerate magic rapidly. [demonic
                  | ancestry]
  4072 | D:6      | Reached XP level 8. HP: 5/52 MP: 1/15
  4772 | D:6      | Noticed a hippogriff
  4782 | D:6      | Killed a hippogriff
  4791 | D:6      | Learned a level 5 spell: Fireball
  5011 | D:6      | HP: 1/52 [orc priest/divine providence (13)]
  5015 | D:6      | Slain by an orc priest

Levels and vault maps discovered:
D:1:      lightli_arrival_chessboard, layout_loops_ring
D:2:      layout_basic, minmay_misc_feat_square, minivault_25
D:3:      layout_basic, grunt_temple_overflow_lords_of_destruction
D:4:      layout_cave_pods, grunt_gozag_breadcrumbs,
          nemelex_xobeh_ov_fountains_minmay, minmay_temple_entry_arrows,
          first_ration, makhleb_blood_cavern_becter
D:5:      lemuel_insect_pit, layout_rooms, overflow_temple_1_default,
          marbit_many_paths, lemuel_crystal_altar, vehumet_altar_wand_db
D:6:      minmay_skewed_foursquare, layout_basic

Skill      XL: |  1  2  3  4  5  6  7  8 |
---------------+-------------------------+-----
Fire Magic     | 3 4 5 6 |  6.5
Conjurations   | 2 3 4 5 6 |  6.5
Spellcasting   | 3 4 5 6 |  6.2
Dodging        | |  1.7
Stealth        | |  1.7

Action                   |  1- 3 |  4- 6 |  7- 9 || total
-------------------------+-------+-------+-------++-------
Melee: Unarmed           |    10 |       |       ||    10
       Hand axe          |    31 |       |       ||    31
       Mace              |     9 |    35 |       ||    44
       Kick              |       |     3 |     9 ||    12
       Flail             |       |     2 |    42 ||    44
 Cast: Flame Tongue      |    61 |    94 |    64 ||   219
       Sticky Flame      |       |     6 |    13 ||    19
       Inner Flame       |       |       |     3 ||     3
Evoke: Wand              |       |     1 |     1 ||     2
  Use: Scroll            |       |     6 |     2 ||     8
       Potion            |       |       |     4 ||     4
 Stab: Sleeping          |     1 |     1 |     1 ||     3
  Eat: Chunk             |     2 |     7 |     8 ||    17
Armor: Robe              |    22 |    49 |    19 ||    90
       Skin              |       |       |    17 ||    17
Dodge: Dodged            |    69 |    67 |    67 ||   203

Table legend:
 A = Non-vault XP
 B = Vault XP
 C = Vault XP percentage of total XP
 D = Non-vault monster count
 E = Vault monster count
 F = Vault count percentage of total count
                 A         B        C        D         E       F
            +---------+---------+-------+---------+---------+-------
      Total |    1356 |    1134 |  45.5 |     118 |      21 |  15.1
            +---------+---------+-------+---------+---------+-------
        D:1 |      27 |       0 |   0.0 |      14 |       0 |   0.0
        D:2 |      78 |       0 |   0.0 |      29 |       0 |   0.0
        D:3 |      58 |      46 |  44.2 |      25 |       1 |   3.8
        D:4 |     268 |      43 |  13.8 |      19 |       1 |   5.0
        D:5 |     223 |     478 |  68.2 |       9 |      14 |  60.9
        D:6 |     702 |     567 |  44.7 |      22 |       5 |  18.5
            +---------+---------+-------+---------+---------+-------
